 Dungeon Crawl Stone Soup version 0.27.1-1-g398f81649c (webtiles) character file.

Game seed: 17385144548171766649

37 safid the Skirmisher (level 3, 0/33 HPs)
             Began as a Hill Orc Fighter on Sept 9, 2021.
             Slain by Purgy (2 damage)
             ... on level 3 of the Dungeon.
             The game lasted 00:03:38 (2005 turns).

safid the Skirmisher (Hill Orc Fighter)             Turns: 2005, Time: 00:03:39

Health: 0/33       AC: 12    Str: 19    XL:     3   Next: 39%
Magic:  3/3        EV:  7    Int:  8    God:
Gold:   60         SH:  9    Dex: 10    Spells: 2/2 levels left

rFire    . . .     SeeInvis .   a - +0 war axe
rCold    . . .     Faith    .   c - +0 kite shield
rNeg     . . .     Spirit   .   b - +0 scale mail
rPois    .         Reflect  .   (no helmet)
rElec    .         Harm     .   (no cloak)
rCorr    .         Rampage  .   n - +1 pair of gloves
Will     .....                  m - +2 pair of boots
Stlth    ..........             (no amulet)
HPRegen  0.11/turn              (no ring)
MPRegen  0.08/turn              (no ring)

@: mighty
A: no striking features
a: no special abilities


You were on level 3 of the Dungeon.
You visited 1 branch of the dungeon, and saw 3 of its levels.

You collected 60 gold pieces.

Inventory:

Hand Weapons
 a - a +0 war axe (weapon)
Armour
 b - a +0 scale mail (worn)
 c - a +0 kite shield (worn)
 m - a +2 pair of boots (worn)
 n - a +1 pair of gloves (worn)
Scrolls
 i - a scroll of enchant weapon {unknown}
 j - a scroll of identify {unknown}
 k - 2 scrolls of immolation {unknown}
 l - a scroll of brand weapon {unknown}
Potions
 e - a potion of haste {unknown}
 f - a potion of magic {unknown}
 g - a potion of brilliance {unknown}
 h - a potion of lignification {unknown}


   Skills:
 + Level 4.0 Fighting
 + Level 3.6 Axes
 + Level 3.6 Armour
 + Level 3.7 Shields


You had 2 spell levels left.
You didn't know any spells.
Your spell library was empty.

Dungeon Overview and Level Annotations

Branches:
Dungeon (3/15)

Altars:
Nemelex Xobeh

Annotations:
D:3 Purgy


Message History

Purgy bites you. Purgy claws you. x2
You hit Purgy.
Purgy is heavily wounded.
Purgy bites you but does no damage. Purgy claws you but does no damage. x2
You block Purgy's attack. Purgy claws you but does no damage.
Purgy barely misses you.
You barely miss Purgy.
Purgy is heavily wounded.
Purgy bites you but does no damage. Purgy claws you but does no damage.
Purgy claws you.
You barely miss Purgy.
Purgy is heavily wounded.
Purgy looks around nervously.
You block Purgy's attack. Purgy closely misses you.
Purgy claws you but does no damage. Purgy bites you but does no damage.
Purgy barely misses you. You block Purgy's attack.
You closely miss Purgy.
Purgy is heavily wounded.
You block Purgy's attack. Purgy claws you. Purgy claws you but does no damage.
Purgy bites you but does no damage. Purgy barely misses you.
Purgy claws you but does no damage.
You closely miss Purgy.
Purgy is moderately wounded.
You block Purgy's attack. Purgy claws you but does no damage. x2
You slash Purgy!
Purgy is severely wounded.
Purgy bites you.
* * * LOW HITPOINT WARNING * * *
Purgy barely misses you. Purgy completely misses you. Purgy bites you.
* * * LOW HITPOINT WARNING * * *
Purgy claws you but does no damage. You block Purgy's attack.
You barely miss Purgy.
Purgy is heavily wounded.
Purgy bites you but does no damage. Purgy claws you but does no damage.
Purgy claws you.
* * * LOW HITPOINT WARNING * * *
You slash Purgy!
Purgy is almost dead.
Purgy barely misses you. Purgy claws you but does no damage. Purgy claws you.
You die...

#..#.##.##
#........
........#
.......#
#......# #
#......##.
#...##.T†......
#......@.......
....##......##.
# #......#
#......#
#......#
.........
###.#.....
.....##


You could see Purgy.

Vanquished Creatures
  A worm (D:2)
  3 ball pythons
  5 endoplasms
  3 goblins
  5 hobgoblins
  A kobold (D:1)
  2 quokkas (D:1)
  4 bats
  3 frilled lizards
  4 rats
31 creatures vanquished.

Notes
Turn   | Place    | Note
-------+----------+-------------------------------------------
     0 | D:1      | safid the Hill Orc Fighter began the quest for the Orb.
     0 | D:1      | Reached XP level 1. HP: 19/19 MP: 1/1
   356 | D:1      | Reached XP level 2. HP: 22/27 MP: 2/2
   960 | D:1      | Found a faded altar of an unknown god.
   963 | D:1      | Reached skill level 4 in Fighting
  1161 | D:2      | Found a sparkling altar of Nemelex Xobeh.
  1169 | D:2      | Reached XP level 3. HP: 33/33 MP: 3/3
  1989 | D:3      | Noticed Purgy
  2005 | D:3      | Slain by Purgy

Illustrated notes

Levels and vault maps discovered:
D:1:      wander_arrival_lonely_grave, layout_basic,
          ebering_ecumenical_altar_mist
D:2:      layout_loops_ring, basic_altar
D:3:      layout_basic, minmay_between, uniq_purgy

Skill      XL: |  1  2 |
---------------+-------+-----
Axes           | 3 |  3.6
Fighting       | 4 |  4.0
Armour         | |  3.6
Shields        | |  3.7

Action                   || total
-------------------------++-------
Melee: War axe           ||    95
  Use: Potion            ||     1
Armor: Scale mail        ||    58
Dodge: Dodged            ||    33
Block: Kite shield       ||    55
